 Dungeon Crawl Stone Soup version 0.21-a0-442-g848f44b (webtiles) character file.

10098 Megalobster the Cleaver (level 11, -6/100 HPs)
             Began as a Deep Dwarf Fighter on Nov 14, 2017.
             Was a Follower of Makhleb.
             Mangled by a death yak (7 damage)
             ... on level 9 of the Dungeon.
             The game lasted 00:33:27 (10864 turns).

Megalobster the Cleaver (Deep Dwarf Fighter)       Turns: 10864, Time: 00:33:28

Health: -6/100     AC: 20    Str: 22    XL:     11   Next: 31%
Magic:  4/4        EV:  5    Int: 11    God:    Makhleb [*.....]
Gold:   527        SH: 14    Dex: 21    Spells: 10/10 levels left

rFire    + . .     SeeInvis .   a - +0 war axe
rCold    . . .     Gourm    .   x - +2 shield
rNeg     . . .     Faith    .   Z - +0 plate armour
rPois    .         Spirit   .   (helmet restricted)
rElec    .         Reflect  .   y - +0 cloak
rCorr    .         Harm     .   O - +2 pair of gloves {Dex+3}
MR       +....                  W - +0 pair of boots
Stlth    ..........             (no amulet)
HPRegen  0.00/turn              X - +5 ring of dexterity
MPRegen  0.09/turn              U - ring of protection from fire

@: non-regenerating
A: damage resistance, heal wounds, horns 2, clever 1, sense surroundings 2, no
regeneration
a: Heal Wounds, Renounce Religion


You were on level 9 of the Dungeon.
You worshipped Makhleb.
Makhleb was aware of your devotion.
You were not hungry.

You visited 3 branches of the dungeon, and saw 13 of its levels.

You collected 908 gold pieces.
You spent 381 gold pieces at shops.

Inventory:

Hand Weapons
 a - a +0 war axe (weapon)
 o - a +0 blowgun
Missiles
 m - 397 stones (quivered)
 p - 60 poisoned needles
 N - a throwing net
Armour
 x - a +2 shield (worn)
 y - a +0 cloak (worn)
 O - a +2 pair of gloves of dexterity (worn)
 W - a +0 pair of boots (worn)
 Z - a +0 plate armour (worn)
Jewellery
 A - an uncursed ring of protection from cold
 E - an uncursed ring of ice
 U - a ring of protection from fire (right hand)
 X - a +5 ring of dexterity (left hand)
Wands
 Q - a wand of digging (8/24)
 R - a wand of acid (0/15)
Scrolls
 b - 2 scrolls of random uselessness {unknown}
 e - 8 scrolls of remove curse
 g - 2 scrolls of fear
 n - 5 scrolls of enchant armour
 q - 8 scrolls of teleportation
 r - a scroll of fog
 t - a scroll of vulnerability {unknown}
 u - a scroll of immolation
 C - a scroll of enchant weapon {unknown}
 F - 2 scrolls of silence
 H - a scroll of recharging {unknown}
 I - 2 scrolls of magic mapping
 J - a scroll of summoning {unknown}
 K - 2 scrolls of acquirement {unknown}
 P - a scroll of noise {unknown}
 T - 2 scrolls of blinking {unknown}
Potions
 h - 3 potions of flight
 j - 2 potions of magic
 k - a potion of heal wounds
 l - 6 potions of curing
 s - 2 potions of cancellation
 v - a potion of resistance
 z - 2 potions of haste
 D - a potion of brilliance
 Y - a potion of berserk rage {unknown}
Books
 c - a book of Cantrips

   Spells                             Type                      Level
   a - Confusing Touch                Hexes                        1
   b - Animate Skeleton               Necromancy                   1
   c - Summon Small Mammal            Summoning                    1
   d - Apportation                    Translocation                1
Comestibles
 d - a royal jelly
 f - 15 bread rations
 i - 3 meat rations
 B - 10 fruits


   Skills:
 - Level 7.2 Fighting
 - Level 11.3 Axes
 - Level 8.7 Armour
 - Level 8.7 Shields
 + Level 7.8 Invocations
 * Level 5.8 Evocations


You had 10 spell levels left.
You didn't know any spells.

Dungeon Overview and Level Annotations

Branches:
Dungeon (11/15)            Temple (1/1) D:4            Lair (1/6) D:9
    Orc (0/2) D:11

Altars:
Ashenzari
Cheibriados
Dithmenos
Elyvilon
Fedhas
Gozag
Hepliaklqana
Kikubaaqudgha
Makhleb
Nemelex Xobeh
Okawaru
Qazlal
Ru
Sif Muna
Trog
Uskayaw
Vehumet
Wu Jian
Xom
Yredelemnul
Zin
The Shining One

Shops:
D:4 !   D:8 :*[

Annotations:
D:2 2 transporters, Menkaure


Innate Abilities, Weirdness & Mutations

You are resistant to damage.
You can heal yourself by infusing magical energy.
You passively map the area around you.
You do not regenerate.
You have a pair of horns on your head.
Your mind is acute. (Int +2)


Message History

The death yak is almost dead.
You block the death yak's attack.
You hit the death yak.
The death yak is almost dead.
The death yak gores you but does no damage.
You hit the death yak but do no damage.
The death yak is almost dead.
The death yak gores you!
* * * LOW HITPOINT WARNING * * *
You hit the death yak but do no damage.
The death yak is almost dead.
The death yak gores you but does no damage.
You slash the death yak!
You headbutt the death yak, but do no damage.
The death yak is almost dead.
The death yak gores you.
You hit the death yak but do no damage.
The death yak is almost dead.
The death yak gores you!
You die...

#.##....##.#
#.....#.##.##
#.##.........
#.##.##.##.##
#.##.#####.Y.
######.##.###..>..
#YY.YY.....##.#.##
#Y###...........##
#@# #.#####.......
#.# #.# #........
#.# #.####.#######
#.# #.(..#.# # #.#
#..###.# # #.#
#......####### #.#
#........##... #.#
##.#####.##.##
#.####.## ###...#


You could see 2 death yaks and a yak.

Vanquished Creatures
  A centaur warrior (D:11)
  2 death yaks (D:9)
  A cyclops (D:11)
  A manticore (D:11)
  A centaur zombie (D:6)
  A komodo dragon (Lair:1)
  3 polar bears (Lair:1)
  A troll (D:10)
  2 hippogriffs
  A wyvern (D:9)
  A shadow (D:9)
  A basilisk (Lair:1)
  Grum (D:9)
  4 hungry ghosts
  A porcupine (Lair:1)
  An orc warrior (D:10)
  2 ice beasts
  3 necrophages
  An eye of draining (D:11)
  A sky beast (D:7)
  4 phantoms
  5 black bears
  3 wolves (D:9)
  The ghost of drevant the Skirmisher, an amateur DsAK of Lugonu (D:4)
  3 ogres
  5 centaurs
  A crocodile (Lair:1)
  2 big kobolds (D:3)
  A gnoll sergeant (D:7)
  3 bullfrogs
  6 crimson imps
  2 bullfrog zombies
  A quasit (D:5)
  5 hounds
  4 centaur skeletons
  4 orc priests
  3 jellies
  2 iguanas
  2 orc wizards
  9 worker ants
  A hound skeleton (D:8)
  11 gnolls
  14 adders
  2 river rats (D:3)
  4 shadow imps
  4 oozes
  A worm (D:4)
  4 leopard geckos
  17 orcs
  4 bats
  3 giant cockroaches
  9 goblins
  11 hobgoblins
  14 jackals
  13 kobolds
  4 quokkas
  2 ball pythons
  3 frilled lizards
  A jackal zombie (D:3)
  A leopard gecko skeleton (D:4)
  A quokka skeleton (D:5)
  6 rats
  A fungus (Lair:1)
227 creatures vanquished.

Vanquished Creatures (others)
  A plant (Lair:1)
1 creature vanquished.

Grand Total: 228 creatures vanquished

Notes
Turn   | Place    | Note
-------+----------+-------------------------------------------
     0 | D:1      | Megalobster the Deep Dwarf Fighter began the quest for the Orb.
     0 | D:1      | Reached XP level 1. HP: 20/20 MP: 1/1
   275 | D:1      | Reached XP level 2. HP: 21/27 MP: 2/2
  1029 | D:2      | Reached skill level 3 in Axes
  1029 | D:2      | Reached XP level 3. HP: 21/33 MP: 3/3
  1463 | D:2      | Found a transporter.
  1465 | D:2      | Noticed a hungry ghost
  1466 | D:2      | Found a transporter.
  1466 | D:2      | Found an ancient bone altar of Kikubaaqudgha.
  1470 | D:2      | Noticed Menkaure
  1476 | D:2      | Found a basalt altar of Yredelemnul.
  1502 | D:2      | Noticed a hungry ghost
  1866 | D:3      | Found a blossoming altar of Fedhas.
  1907 | D:3      | Found an opulent altar of Gozag.
  1977 | D:3      | Reached XP level 4. HP: 32/42 MP: 3/3
  2205 | D:3      | Reached skill level 4 in Axes
  2205 | D:3      | Reached XP level 5. HP: 14/49 MP: 4/4
  2384 | D:3      | Reached XP level 6. HP: 34/57 MP: 5/5
  2596 | D:3      | Found a snail-covered altar of Cheibriados.
  2822 | D:4      | Reached skill level 5 in Axes
  2938 | D:4      | Reached XP level 7. HP: 20/64 MP: 6/6
  2996 | D:4      | Found Wodaanej's Distillery.
  3001 | D:4      | Bought a potion of heal wounds for 50 gold pieces
  3001 | D:4      | Bought a potion of curing for 30 gold pieces
  3172 | D:4      | Found a staircase to the Ecumenical Temple.
  3181 | Temple   | Entered the Ecumenical Temple
  3434 | D:4      | Reached skill level 5 in Armour
  3434 | D:4      | Reached skill level 5 in Shields
  3708 | D:4      | Reached skill level 6 in Axes
  3738 | D:4      | Found a deep blue altar of Sif Muna.
  3787 | D:4      | Noticed drevant's ghost (amateur DsAK)
  3808 | D:4      | Killed drevant's ghost
  4302 | D:5      | Entered Level 5 of the Dungeon
  4438 | D:5      | Reached XP level 8. HP: 27/73 MP: 6/6
  4464 | D:5      | Found an ornate altar of the Wu Jian Council.
  4595 | D:5      | Reached skill level 7 in Axes
  5292 | D:6      | Reached skill level 5 in Fighting
  5292 | D:6      | Reached skill level 8 in Axes
  5981 | D:7      | Found a shadowy altar of Dithmenos.
  6016 | D:7      | Gained mutation: You passively map the area around you. [Deep Dwarf growth]
  6016 | D:7      | Reached XP level 9. HP: 33/81 MP: 6/6
  6534 | D:7      | Reached skill level 9 in Axes
  6866 | D:8      | Found a white marble altar of Elyvilon.
  6942 | D:8      | Found Irpha Codwo's General Store.
  7024 | D:8      | Found Hapovvim's Book Shoppe.
  7032 | D:8      | Found a bloodstained altar of Trog.
  7251 | D:8      | Found a radiant altar of Vehumet.
  7266 | D:8      | Reached skill level 10 in Axes
  7272 | D:8      | Found Bofoter's Armour Boutique.
  7280 | D:8      | Bought a +2 pair of gloves of dexterity for 301 gold pieces
  7332 | D:8      | Found a burning altar of Makhleb.
  7349 | D:8      | Became a worshipper of Makhleb the Destroyer
  7554 | D:9      | Noticed a death yak
  7555 | D:9      | Noticed a death yak
  7670 | D:9      | Killed a death yak
  7670 | D:9      | Reached XP level 10. HP: 26/92 MP: 5/7
  7706 | D:9      | Found a hazy altar of Hepliaklqana.
  7719 | D:9      | Noticed a death yak
  7721 | D:9      | Noticed a death yak
  7723 | D:9      | Noticed a death yak
  7923 | D:9      | Found a radiant altar of Vehumet.
  7974 | D:9      | Found a hide-covered altar of Uskayaw.
  8012 | D:9      | Found a staircase to the Lair.
  8053 | D:9      | Found a glowing golden altar of the Shining One.
  8212 | D:9      | Noticed Grum
  8218 | D:9      | Gained mutation: You have a pair of small horns on your head. [potion of mutation]
  8218 | D:9      | Gained mutation: You have a pair of horns on your head. [potion of mutation]
  8218 | D:9      | Gained mutation: Your mind is acute. (Int +2) [potion of mutation]
  8241 | D:9      | Killed Grum
  8360 | Lair:1   | Entered Level 1 of the Lair of Beasts
  9060 | Lair:1   | Reached skill level 5 in Invocations
  9320 | D:10     | Entered Level 10 of the Dungeon
  9339 | D:10     | Reached skill level 11 in Axes
  9604 | D:10     | Reached * piety under Makhleb
 10008 | D:11     | Reached XP level 11. HP: 74/100 MP: 6/6
 10229 | D:11     | Found a staircase to the Orcish Mines.
 10305 | D:11     | Noticed a centaur warrior
 10322 | D:11     | Killed a centaur warrior
 10827 | D:9      | Killed a death yak
 10827 | D:9      | Reached skill level 5 in Evocations
 10861 | D:9      | HP: 1/100 [death yak (14)]
 10864 | D:9      | Mangled by a death yak

Vault maps used:
D:1:      sevenhm_arrival_forest_fort_small_3, hangedman_decor_clover_reticule
D:2:      gammafunk_temple_of_torment
D:3:      cheibrodos_thug_alley, lemuel_round_altar, lemuel_crystal_altar,
          portal_sewer_entry_b, fedhas_altar_4
D:4:      lemuel_blue_sif_altar, temple_hall, serial_shops, shop
D:5:      corexii_shack_village, lemuel_doored_altar, first_bread
D:7:      grunt_dithmenos_smoke_and_mirrors
D:8:      makhleb_blood_cavern_becter, nicolae_overflow_crystal_walls,
          vehumet_crystals, trog_ov_bears_minmay, serial_shops,
          nicolae_shop_stone, shop, nicolae_shop_waterfront, grunt_ogre_cave
D:9:      overflow_temple_1_default, overflow_temple_1_default,
          lemuel_round_altar, dpeg_lair_monsters, serial_corexii_hall,
          corexii_hall_statues_l, corexii_hall_statues_s,
          corexii_hall_statues_x, basic_altar, minivault_11, uniq_grum
D:11:     orc_david_3
Temple:   compressed_dpeg_triangle_lava_temple
Lair:1:   eino_small_chamber_without_monster, cheibrodos_lair_lostbears,
          infiniplex_staircase_pool_2, serial_bayou_shore_a

Skill      XL: |  1  2  3  4  5  6  7  8  9 10 11 |
---------------+----------------------------------+-----
Axes           | 3 4 5 6 8 10 11 | 11.3
Fighting       | 3 4 5 6 7 |  7.2
Shields        | 4 5 6 7 8 |  8.7
Armour         | 4 5 6 7 8 |  8.7
Invocations    | 2 6 7 |  7.8
Evocations     | 5 |  5.8

Action                   |  1- 3 |  4- 6 |  7- 9 | 10-12 || total
-------------------------+-------+-------+-------+-------++-------
Melee: War axe           |   122 |   172 |   499 |   335 ||  1128
       Headbutt          |       |       |       |    92 ||    92
 Abil: Heal Wounds       |     1 |     4 |    14 |    20 ||    39
Evoke: Wand              |       |       |       |     3 ||     3
  Use: Potion            |       |       |     4 |     2 ||     6
       Scroll            |       |       |    11 |     6 ||    17
  Eat: Chunk             |     4 |     2 |     8 |     6 ||    20
       Meat ration       |       |     1 |     1 |     2 ||     4
       Royal jelly       |       |       |     1 |       ||     1
       Fruit             |       |       |     2 |       ||     2
       Bread ration      |       |       |       |     1 ||     1
Armor: Scale mail        |    67 |    60 |   193 |    93 ||   413
       Plate armour      |       |       |       |    37 ||    37
Dodge: Dodged            |    55 |    66 |   146 |    75 ||   342
Block: Shield            |    86 |    92 |   336 |   225 ||   739

Table legend:
 A = Spawn XP
 B = Non-spawn XP
 C = Spawn XP percentage of total XP
 D = Spawn monster count
 E = Non-spawn monster count
 F = Spawn count percentage of total count
 G = Total turns spent on level
                    A         B        C        D         E        F      G
               +---------+---------+-------+---------+---------+-------+---------
         Total |       0 |   14427 |   0.0 |       0 |     226 |   0.0 | 10864
               +---------+---------+-------+---------+---------+-------+---------
           D:1 |       0 |      23 |   0.0 |       0 |      14 |   0.0 |   995
           D:2 |       0 |      49 |   0.0 |       0 |      18 |   0.0 |   842
           D:3 |       0 |     419 |   0.0 |       0 |      43 |   0.0 |   978
           D:4 |       0 |     769 |   0.0 |       0 |      19 |   0.0 |  1343
           D:5 |       0 |     386 |   0.0 |       0 |      27 |   0.0 |   414
           D:6 |       0 |     855 |   0.0 |       0 |      14 |   0.0 |  1049
           D:7 |       0 |    1342 |   0.0 |       0 |      17 |   0.0 |  1047
           D:8 |       0 |    1317 |   0.0 |       0 |      19 |   0.0 |   690
           D:9 |       0 |    3178 |   0.0 |       0 |      14 |   0.0 |  1056
          D:10 |       0 |    1852 |   0.0 |       0 |      23 |   0.0 |   846
          D:11 |       0 |    2313 |   0.0 |       0 |      10 |   0.0 |   461
        Lair:1 |       0 |    1924 |   0.0 |       0 |       8 |   0.0 |   946
               +---------+---------+-------+---------+---------+-------+---------
